 Dungeon Sprint DCSS version 0.15-a0-1224-g3833f9c (webtiles) character file.

2 Infinimo the Ruinous (level 1, -5/13 HPs)
             Began as a Mummy Conjurer on June 1, 2014.
             Was an Initiate of Vehumet.
             Slain by a fire elemental (9 damage)
             ... in the Dungeon (Sprint V: "Ziggurat Sprint").
             The game lasted 00:00:57 (147 turns).

Infinimo the Ruinous (Mummy Conjurer)                Turns: 147, Time: 00:00:58

HP  -5/13        AC  2     Str 11      XL: 1   Next: 25%
MP   3/3         EV 12     Int 20      God: Vehumet [......]
Gold 0           SH  0     Dex 12      Spells:  1 memorised,  3 levels left

rFire  . . .     SeeInvis .     w - +4,+8 shillelagh "Devastator"
rCold  + . .     Clarity  .     a - +0 robe
rNeg   + + +     rCorr    .     (no shield)
rPois  +         rRot     +     (no helmet)
rElec  .         Spirit   .     (no cloak)
SustAb .         Warding  .     (no gloves)
rMut   .         NoTele   +     (no boots)
Gourm  .                        (no amulet)
MR     .....                    x - ring of protection from fire
                                m - +6 ring of intelligence

@: liquid flames, glowing, not resistant to hostile enchantments, very
unstealthy
A: no food or potions, fire vulnerability, restore body, cold resistance 1, life
protection 3, poison resistance, torment resistance, unbreathing
a: Renounce Religion


You were in the Dungeon.
You worshipped Vehumet.
Vehumet was noncommittal.
You were not hungry.

You visited 1 branch

Inventory:

Hand weapons
 w - the +4,+8 shillelagh "Devastator" (weapon)
   (You found it in the Dungeon)
Armour
 a - a +0 robe (worn)
 v - a +3 buckler
Magical devices
 j - a wand of disintegration (7)
 s - a wand of cold (3)
 t - a wand of draining (5)
 u - a wand of fire (5)
Scrolls
 b - 4 scrolls of amnesia
 d - 3 scrolls of recharging
 e - 7 scrolls of fog
 f - 5 scrolls of identify
 g - 5 scrolls of remove curse
 h - 4 scrolls of blinking
 i - 2 scrolls of fear
Jewellery
 k - a +6 ring of dexterity
 l - a +6 ring of dexterity
 m - a +6 ring of intelligence (left hand)
 n - a +6 ring of intelligence
 o - a +6 ring of strength
 p - a +6 ring of strength
 x - a ring of protection from fire (right hand)
Books
 c - a book of Conjurations

   Spells                             Type                      Level
   *Magic Dart                        Conjuration                  1
   Searing Ray                        Conjuration                  2
   Dazzling Spray                     Conjuration/Hexes            3
   Fulminant Prism                    Conjuration/Hexes            4
   Iskenderun's Mystic Blast          Conjuration                  4
   Iskenderun's Battlesphere          Conjuration/Charms           5
Magical staves
 q - an uncursed staff of energy
Miscellaneous
 r - a crystal ball of energy


   Skills:
 - Level 1.8 Dodging
 - Level 1.8 Stealth
 - Level 2.2 Spellcasting
 + Level 3.5 Conjurations


You had 3 spell levels left.
You knew the following spells:

 Your Spells              Type           Power        Failure   Level  Hunger
a - Magic Dart            Conj           ###.         3%          1    N/A

Dungeon Overview and Level Annotations

Branches:
Dungeon (1/1)

Altars:
Ashenzari
Cheibriados
Dithmenos
Elyvilon
Fedhas
Gozag
Kikubaaqudgha
Makhleb
Nemelex Xobeh
Okawaru
Qazlal
Sif Muna
Trog
Vehumet
Xom
Yredelemnul
Zin
The Shining One
Beogh
Jiyva
Lugonu


Innate Abilities, Weirdness & Mutations

You do not eat or drink.
Your flesh is vulnerable to fire.
Your flesh is cold resistant.
You are immune to negative energy.
Your system is resistant to poisons.
You are immune to unholy pain and torment.
You can survive without breathing.


Message History

The bolt of cold hits the hell hog.
The hell hog is moderately wounded.
This wand has 4 charges left.
Evoke which item? (* to show all) (? for menu, Esc to quit)
Zapping:
s - a wand of cold (4)
Press: ? - help, Shift-Dir - straight line, f/p - hell hog
Aim: a hell hog (moderately wounded)
The bolt of cold hits the hell hog.
The hell hog is heavily wounded.
This wand has 3 charges left.
The hell hog spits sticky flame at you. The sticky flame hits you!
You are covered in liquid flames!
The hell hog shudders.
The hell hog is heavily wounded. x2
You are covered in liquid flames!
Ouch! That really hurt!
The fire elemental hits you. The fire elemental burns you!
Ouch! That really hurt!
You die...

▓▓▓▓▓▓▓▓▓▓▓▓▓
▓.8©8.▓.8©8.▓
▓.)=).▓.....▓
▓.§...▓.}...▓
▓.§...▓.....▓
▓.§...▓.....▓
▓.Eh..▓.....▓
▓..@v.▓▓▓▓▓▓▓
▓▓▓▓▓▓▓


You could see a hell hog, a fire elemental and a fire vortex.

Vanquished Creatures
  A bat skeleton (D)
  A giant newt zombie (D)
2 creatures vanquished.

Notes
Turn   | Place    | Note
--------------------------------------------------------------
     0 | D        | Infinimo, the Mummy Conjurer, began the quest for the Orb.
     0 | D        | Reached XP level 1. HP: 13/13 MP: 3/3
     0 | D        | Found an ancient bone altar of Kikubaaqudgha.
     1 | D        | Found a basalt altar of Yredelemnul.
     1 | D        | Found an iron altar of Okawaru.
     2 | D        | Found a radiant altar of Vehumet.
     2 | D        | Found a shimmering altar of Xom.
     4 | D        | Found a burning altar of Makhleb.
    13 | D        | Found a corrupted altar of Lugonu.
    13 | D        | Found a white marble altar of Elyvilon.
    13 | D        | Found a deep blue altar of Sif Muna.
    14 | D        | Found a roughly hewn altar of Beogh.
    14 | D        | Found a sparkling altar of Nemelex Xobeh.
    20 | D        | Found a bloodstained altar of Trog.
    59 | D        | Became a worshipper of Vehumet
    80 | D        | Entered arena 1.
   144 | D        | Entered arena 2.
   144 | D        | Noticed a fire elemental
   144 | D        | Noticed a fire vortex
   144 | D        | Noticed a hell hog
   147 | D        | Slain by a fire elemental

Action                   || total
-------------------------++-------
Melee: Shillelagh        ||     4
       Unarmed           ||     2
Evoke: Wand              ||     2
